 Dungeon Crawl Stone Soup version 0.27.0-1-g7a089689b8 (webtiles) character file.

Game seed: 12104393871399096998

2030 Anothat the Grappler (level 9, 0/88 HPs)
             Began as a Troll Monk on Aug 8, 2021.
             Was a Believer of Cheibriados.
             Slain by a centaur (3 damage)
             ... on level 9 of the Dungeon.
             The game lasted 00:06:14 (3908 turns).

Anothat the Grappler (Troll Monk)                   Turns: 3908, Time: 00:06:14

Health: 0/88       AC:  4    Str: 28    XL:     9   Next: 3%
Magic:  8/8        EV: 12    Int: 10    God:    Cheibriados [**....]
Gold:   230        SH:  0    Dex: 16    Spells: 8/8 levels left

rFire    . . .     SeeInvis .     - Unarmed
rCold    . . .     Faith    .   (no shield)
rNeg     . . .     Spirit   .   a - +0 robe
rPois    .         Reflect  .   (helmet restricted)
rElec    .         Harm     .   (no cloak)
rCorr    .         Rampage  .   (gloves unavailable)
Will     .....                  (boots unavailable)
Stlth    ++........             (no amulet)
HPRegen  1.24/turn              (no ring)
MPRegen  0.11/turn              (no ring)

@: very slow
A: large, unfitting armour, claws 3, regeneration 1, shaggy fur 1, tough skin 1
a: Renounce Religion, Bend Time


You were on level 9 of the Dungeon.
You worshipped Cheibriados.
Cheibriados was pleased with you.
You visited 2 branches of the dungeon, and saw 8 of its levels.

You collected 230 gold pieces.

Inventory:

Armour
 a - a +0 robe (worn)
Jewellery
 b - a ring of see invisible
 c - a +6 ring of intelligence
 l - a ring of fire
 n - a +6 ring of intelligence
Wands
 k - a wand of iceblast (1)
Scrolls
 e - 8 scrolls of identify {unknown}
 f - 4 scrolls of teleportation {unknown}
 q - a scroll of noise {unknown}
 s - a scroll of enchant weapon {unknown}
Potions
 d - a potion of haste {unknown}
 h - a potion of ambrosia
 i - a potion of curing
 j - a potion of flight {unknown}
 m - a potion of degeneration {unknown}
 o - 3 potions of mutation {unknown}
 p - a potion of attraction {unknown}
 r - a potion of berserk rage {unknown}


   Skills:
 + Level 5.4 Fighting
 + Level 5.5 Dodging
 - Level 2.0 Stealth
 * Level 8.4 Unarmed Combat


You had 8 spell levels left.
You didn't know any spells.
Your spell library contained the following spells:

 Spells                   Type           Power      Damage    Failure   Level
 Beastly Appendage        Tmut           0%         N/A       36%         1
 Magic Dart               Conj           0%         1d3       36%         1
 Searing Ray              Conj           0%         3d3       50%         2
 Wereblood                Tmut           0%         N/A       50%         2
 Spider Form              Tmut/Pois      0%         N/A       75%         3
 Fulminant Prism          Conj/Hex       0%         3d6       98%         4
 Summon Forest            Summ/Tloc      0%         N/A       100%        5
 Eringya's Noxious Bog    Tmut/Pois      0%         N/A       100%        6
 Summon Hydra             Summ           0%         N/A       100%        7


Dungeon Overview and Level Annotations

Branches:
Dungeon (6/15)             Temple (1/1) D:6            Lair (0/6) D:9

Altars:
Ashenzari
Cheibriados
Dithmenos
Elyvilon
Fedhas
Gozag
Hepliaklqana
Kikubaaqudgha
Makhleb
Nemelex Xobeh
Okawaru
Qazlal
Ru
Sif Muna
Trog
Uskayaw
Vehumet
Wu Jian
Xom
Yredelemnul
Zin
The Shining One

Shops:
D:9 ?

Annotations:
D:4 3 runed translucent doors, stickyfingers's ghost, amateur HOFi


Innate Abilities, Weirdness & Mutations

You are too large for most types of armour.
You have claws for hands.
Your natural rate of healing is unusually fast.
You are covered in fur. (AC +1)
You have tough skin. (AC +1)


Message History

* * * LOW HITPOINT WARNING * * *
The wolf bites you.
* * * LOW HITPOINT WARNING * * *
The centaur hits you but does no damage.
The centaur closely misses you. The wolf misses you. The wolf bites you!
* * * LOW HITPOINT WARNING * * *
It was a potion of ambrosia.
You are confused.
You feel invigorated. The centaur hits you.
* * * LOW HITPOINT WARNING * * *
The centaur kicks you.
* * * LOW HITPOINT WARNING * * *
The wolf bites you!
* * * LOW HITPOINT WARNING * * *
The wolf bites you but does no damage. The centaur barely misses you.
The centaur kicks you.
* * * LOW HITPOINT WARNING * * *
Okay, then.
It was a potion of curing.
You feel better.
You feel less invigorated. The wolf barely misses you. The wolf bites you.
* * * LOW HITPOINT WARNING * * *
The centaur hits you.
* * * LOW HITPOINT WARNING * * *
The centaur kicks you but does no damage.
The wolf bites you but does no damage.
The wolf pauses to sniff the ground.
The wolf barely misses you.
Okay, then.
The centaur closely misses you. The centaur barely misses you.
The centaur hits you.
* * * LOW HITPOINT WARNING * * *
The centaur barely misses you.
You miss the wolf. The wolf bites you.
* * * LOW HITPOINT WARNING * * *
The centaur closely misses you.
The centaur kicks you but does no damage.
The wolf closely misses you. The wolf bites you.
* * * LOW HITPOINT WARNING * * *
The centaur hits you.
You die...

≈≈.;....# #.# #..........#
.≈.≈....#######.# #.#######..##
.≈..............# #.# #....
................# #.# #....
..+.............# #.# #....
###.............# #.#######...#
...............h# #............
###............c#####...........#
#...........hh@..........######
#.......######h.########## #
#.......# #..# #.......# ####
#.......# #########


You could see 3 wolves, a centaur and a hound.

Vanquished Creatures
  Maggie (D:6)
  A hornet (D:6)
  3 yaks (D:6)
  A wyvern (D:9)
  A sky beast (D:6)
  An ogre (D:6)
  A water moccasin zombie (D:6)
  2 scorpions (D:5)
  3 wights (D:6)
  2 howler monkeys
  A centaur zombie (D:5)
  A hound (D:4)
  A jelly (D:5)
  3 centaur skeletons
  An orc priest (D:4)
  2 orc wizards (D:4)
  A howler monkey skeleton (D:5)
  5 adders
  An ufetubus (D:5)
  A worm (D:2)
  12 orcs
  7 bats
  3 endoplasms
  6 giant cockroaches
  2 goblins
  6 hobgoblins
  5 kobolds
  5 quokkas
  5 ball pythons
  3 frilled lizards
  4 rats
91 creatures vanquished.

Notes
Turn   | Place    | Note
-------+----------+-------------------------------------------
     0 | D:1      | Anothat the Troll Monk began the quest for the Orb.
     0 | D:1      | Reached XP level 1. HP: 22/22 MP: 0/0
   123 | D:1      | Reached XP level 2. HP: 21/29 MP: 1/1
   612 | D:2      | Reached XP level 3. HP: 36/36 MP: 2/2
  1847 | D:4      | Reached XP level 4. HP: 44/44 MP: 3/3
  1930 | D:4      | Found a runed translucent gate.
  1930 | D:4      | Found a runed translucent gate.
  1930 | D:4      | Found a runed translucent gate.
  2020 | D:4      | Reached XP level 5. HP: 47/53 MP: 4/4
  2181 | D:4      | Noticed stickyfingers's ghost (amateur HOFi)
  2181 | D:4      | Noticed an ice beast
  2328 | D:4      | Reached skill level 4 in Unarmed Combat
  2479 | D:4      | Reached XP level 6. HP: 56/61 MP: 5/5
  2725 | D:5      | Entered Level 5 of the Dungeon
  3053 | D:5      | Reached skill level 5 in Unarmed Combat
  3057 | D:5      | Reached XP level 7. HP: 67/68 MP: 6/6
  3144 | D:5      | You fall into a shaft and drop 1 floor!
  3197 | D:6      | Noticed a hornet
  3207 | D:6      | Paralysed by a hornet for 3 turns
  3214 | D:6      | Killed a hornet
  3215 | D:6      | Reached skill level 6 in Unarmed Combat
  3239 | D:6      | Reached XP level 8. HP: 14/79 MP: 7/7
  3344 | D:6      | Reached skill level 7 in Unarmed Combat
  3352 | D:6      | Reached skill level 5 in Fighting
  3352 | D:6      | Reached skill level 5 in Dodging
  3397 | D:6      | Found an iron altar of Okawaru.
  3426 | D:6      | Found a staircase to the Ecumenical Temple.
  3507 | Temple   | Entered the Ecumenical Temple
  3707 | Temple   | Became a worshipper of Cheibriados the Contemplative
  3707 | Temple   | Reached * piety under Cheibriados
  3707 | Temple   | Reached ** piety under Cheibriados
  3763 | D:6      | Noticed Maggie
  3793 | D:6      | Killed Maggie
  3794 | D:6      | Reached skill level 8 in Unarmed Combat
  3799 | D:6      | You fall into a shaft and drop 3 floors!
  3799 | D:9      | Found Cuv Ymie's Magic Scroll Boutique.
  3844 | D:9      | Reached XP level 9. HP: 79/88 MP: 8/8
  3890 | D:9      | Found a staircase to the Lair.
  3905 | D:9      | HP: 2/88 [wolf (7)]
  3908 | D:9      | Slain by a centaur

Illustrated notes

Levels and vault maps discovered:
D:1:      dpeg_arrival_rhombi, layout_rooms
D:2:      layout_basic
D:3:      layout_loops_cross
D:4:      layout_loops_ring, gammafunk_ghost_icy
D:5:      layout_basic, serial_park_tiny_2, amcnicky_mini_pool_medium
D:6:      layout_gridville, kennysheep_mini, minmay_temple_entry_gardened_gates,
          uniq_maggie
D:9:      layout_irregular_city, erik_lair_island, serial_shops,
          nicolae_shop_crystal, ploomutoo_gammafunk_ghost_potion_laboratory
Temple:   minmay_crystal_snake_temple

Skill      XL: |  1  2  3  4  5  6  7  8 |
---------------+-------------------------+-----
Fighting       | 3 4 5 |  5.4
Dodging        | 3 4 5 |  5.5
Unarmed Combat | 4 5 6 8 |  8.4
Stealth        | 2 |  2.0

Action                   |  1- 3 |  4- 6 |  7- 9 || total
-------------------------+-------+-------+-------++-------
Melee: Unarmed           |   111 |   116 |    74 ||   301
       Punch             |     1 |     1 |     5 ||     7
Evoke: Wand              |       |       |     8 ||     8
  Use: Potion            |       |       |     4 ||     4
 Stab: Sleeping          |     4 |     3 |       ||     7
Armor: Robe              |    36 |    24 |    21 ||    81
Dodge: Dodged            |    61 |    48 |    72 ||   181
